 Dungeon Crawl Stone Soup version 0.29-a0-393-g47a863cc1b (webtiles) character file.

Game seed: 17408318744388578034

182 loir the Magician (level 5, -1/39 HPs)
             Began as a Djinni Conjurer on May 9, 2022.
             Slain by an orc wizard
             ... wielding a +0 dagger
              (2 damage)
             ... on level 4 of the Dungeon.
             The game lasted 00:13:25 (3688 turns).

loir the Magician (Djinni Conjurer)                 Turns: 3688, Time: 00:13:26

Health: -1/39      AC:  3    Str:  6    XL:     5   Next: 93%
Gold:   211        EV: 12    Int: 21    God:
                   SH:  0    Dex: 12

rFire   + + .      SeeInvis .   n - staff of poison
rCold   x . .      Faith    .   (no shield)
rNeg    . . .      Spirit   .   a - +1 robe
rPois   ∞          Reflect  .   (no helmet)
rElec   .          Harm     .   (no cloak)
rCorr   +          Rampage  .   (no gloves)
Will    .....                   (boots unavailable)
Stlth   ++........              (no amulet)
HPRegen 0.13/turn               b - ring of resist corrosion
MPRegen 0.00/turn               (no ring)

@: flying
A: sickness immunity, fire resistance 2, cold vulnerability 1, float, innate
caster, HP casting, extra vitality 1
a: no special abilities


You were on level 4 of the Dungeon.
You visited 1 branch of the dungeon, and saw 4 of its levels.

You collected 211 gold pieces.

Inventory:

Missiles
 e - 121 stones
Armour
 a - a +1 robe (worn)
Magical Staves
 n - a staff of poison (weapon)
Jewellery
 b - a ring of resist corrosion (left hand)
Scrolls
 c - 2 scrolls of enchant armour
 f - a scroll of poison
 h - 2 scrolls of teleportation
 o - a scroll of acquirement {unknown}
 p - 2 scrolls of fog
 q - a scroll of immolation {unknown}
Potions
 d - a potion of invisibility {unknown}
 g - 3 potions of curing
 i - a potion of might
 j - 2 potions of degeneration {unknown}
 k - a potion of lignification {unknown}
 l - 2 potions of haste {unknown}
 m - a potion of mutation {unknown}


   Skills:
 + Level 2.7 Fighting
 - Level 2.1 Dodging
 - Level 1.5 Stealth
 * Level 4.7 Spellcasting


You couldn't memorise any spells.
You knew the following spells:

 Your Spells              Type           Power      Damage    Failure   Level
a - Magic Dart            Conj           96%        1d7       1%          1
b - Searing Ray           Conj           48%        2d6       2%          2
c - Dazzling Flash        Conj/Hex       48%        N/A       4%          3
d - Fulminant Prism       Conj/Hex       12%        3d9       16%         4
e - Iskenderun's Mystic   Conj/Tloc      24%        2d7       16%         4
f - Shock                 Conj/Air       96%        1d9       1%          1
g - Static Discharge      Conj/Air       24%        N/A       2%          2
Your spell library was empty.

Dungeon Overview and Level Annotations

Branches:
Dungeon (4/15)
 Temple: D:4-7

Altars:

Shops:
D:2 *


Innate Abilities, Weirdness & Mutations

You are immune to sickness and miasma.
You are immune to poison.
Your flesh is very heat resistant. (rF++)
You are vulnerable to cold. (rC-)
You float through the air rather than walking.
You learn spells naturally, not from books.
Your magical power is your life essence.
You have superior vitality. (+4 MHP)


Message History

You kill the orc!
* * * LOW HITPOINT WARNING * * *
There is an open door here.
Casting: Searing Ray (safe; 2% risk of failure)
Confirm with . or Enter, or press ? or * to list all spells.
Aiming: Searing Ray (safe; 2% risk of failure)
Press: ? - help, Shift-Dir - straight line, f - orc wizard
Aim: an orc wizard, wielding a +0 dagger and wearing a +0 robe (74% to hit)
The searing ray misses the orc wizard. (Press . to maintain the ray.)
* * * LOW HITPOINT WARNING * * *
You hear a shout!
The searing ray hits the orc wizard.
The orc wizard is moderately wounded.
* * * LOW HITPOINT WARNING * * *
The searing ray misses the orc wizard.
The searing ray hits the orc.
The orc is heavily wounded.
* * * LOW HITPOINT WARNING * * *
The orc wizard hits you but does no damage.
The searing ray hits the orc wizard.
The orc wizard is heavily wounded.
The searing ray hits the orc!
You kill the orc!
* * * LOW HITPOINT WARNING * * *
You finish channelling your searing ray.
The orc wizard hits you but does no damage.
Casting: Searing Ray (safe; 2% risk of failure)
Confirm with . or Enter, or press ? or * to list all spells.
Aiming: Searing Ray (safe; 2% risk of failure)
Press: ? - help, Shift-Dir - straight line, f/p - orc wizard
Aim: an orc wizard, wielding a +0 dagger and wearing a +0 robe (heavily wounded, 74% to hit)
The searing ray hits the orc wizard!
The orc wizard is almost dead. (Press . to maintain the ray.)
* * * LOW HITPOINT WARNING * * *
The orc wizard hits you with a +0 dagger.
* * * LOW HITPOINT WARNING * * *
Without enough magic to sustain it, your searing ray dissipates.
The orc wizard hits you with a +0 dagger.
You die...

#.#.# #.#.# #.#.#
#.#.## #.#..# #.##.#
# ## #.##.# .###. #..
#....####......
+...###...@o))).....
.#......†..####...##.
.......<..## .##
..##.....## ..
##.#.## .. #.#.# #. #
#.# . #.# #.#


You could see an orc wizard.

Vanquished Creatures
  An orc priest (D:4)
  A jelly (D:4)
  An iguana (D:3)
  An adder (D:4)
  3 worms (D:3)
  2 dart slugs (D:3)
  3 orcs (D:4)
  8 ball pythons
  3 bats
  9 endoplasms
  2 giant cockroaches
  3 goblins
  10 hobgoblins
  3 jackals (D:3)
  3 quokkas (D:2)
  4 frilled lizards
  4 kobolds
  12 rats
73 creatures vanquished.

Notes
Turn   | Place    | Note
-------+----------+-------------------------------------------
     0 | D:1      | loir the Djinni Conjurer began the quest for the Orb.
     0 | D:1      | Reached XP level 1. HP: 15/15 MP: 0/0
    78 | D:1      | Found a faded altar of an unknown god.
   223 | D:1      | Reached XP level 2. HP: 19/22 MP: 0/0
   376 | D:1      | Reached skill level 1 in Fighting
   831 | D:1      | Reached XP level 3. HP: 25/27 MP: 0/0
   831 | D:1      | Learned a level 1 spell: Shock
  1438 | D:2      | Found Purasuyxu's Assorted Antiques.
  2050 | D:3      | Reached XP level 4. HP: 32/32 MP: 0/0
  2053 | D:3      | Reached skill level 4 in Spellcasting
  2731 | D:3      | Reached XP level 5. HP: 22/38 MP: 0/0
  2731 | D:3      | Learned a level 2 spell: Static Discharge
  3687 | D:4      | HP: 1/39 [orc wizard/+0 dagger (1)]
  3688 | D:4      | Slain by an orc wizard

Illustrated notes

Levels and vault maps discovered:
D:1:      psy_arrival_terrarium, layout_rooms,
          hellmonk_ecumenical_altar_arch_garden, minmay_vboxes
D:2:      layout_basic, serial_shops, shop_fountains
D:3:      layout_basic, nicolae_wormholes
D:4:      layout_loops_corners, mainiacjoe_overflow_alcove_4,
          minmay_temple_entry_fiery, serial_co_window_serial, co_window_paths_a,
          co_window_corner_a, co_window_of_opportunity_a,
          co_window_of_opportunity_a, co_window_of_opportunity_a,
          co_window_unsneaky_path_b, co_window_2corner,
          co_window_of_opportunity_c, co_window_paths_d, co_window_4corner_b,
          glass_columns_c, glass_columns_a, glass_columns_c

Skill      XL: |  1  2  3  4 |
---------------+-------------+-----
Fighting       | 1 2 |  2.7
Spellcasting   | 4 |  4.7
Dodging        | |  2.1
Stealth        | |  1.5

Action                   |  1- 3 |  4- 6 || total
-------------------------+-------+-------++-------
 Cast: Magic Dart        |    78 |    58 ||   136
       Searing Ray       |       |    15 ||    15
  Use: Scroll            |     9 |       ||     9
Armor: Robe              |     1 |     3 ||     4
Dodge: Dodged            |     2 |     5 ||     7

Table legend: (Time is in decaauts)
 A = Elapsed time spent in this place.
 B = Non-inter-level travel time spent in this place.
 C = Inter-level travel time spent in this place.
 D = Time resting spent in this place.
 E = Time spent auto-exploring this place.
 F = Levels seen in this place.
 G = Mean time per level.
                   A        B        C        D        E       F      G
               +--------+--------+--------+--------+--------+-----+--------+
         Total |   3686 |   3637 |     49 |    515 |   2806 |   4 |  921.5 |
       Dungeon |   3686 |   3637 |     49 |    515 |   2806 |   4 |  921.5 |
               +--------+--------+--------+--------+--------+-----+--------+

Top non-repeatable levels by time:
     D:3: 1541 daAuts
     D:1: 1044 daAuts
     D:2: 1002 daAuts
     D:4: 97 daAuts
